 Dungeon Sprint DCSS version 0.29-a0-284-gf9362112df (webtiles) character file.

Game seed: 16994230271817815811

63667 mhtbhm the Slayer (level 15, -26/118 HPs)
             Began as a Gargoyle Fighter on Apr 1, 2022.
             Was an Initiate of Gozag.
             Annihilated by a vault warden
             ... wielding a +0 battleaxe
              (55 damage)
             ... in the Dungeon (Sprint IX: "|||||||||||||||||||||||||||||").
             The game lasted 00:18:53 (8171 turns).

mhtbhm the Slayer (Gargoyle Fighter)                Turns: 8171, Time: 00:18:54

Health: -26/118    AC: 47    Str: 34    XL:     15   Next: 10%
Magic:  15/15      EV: 13    Int:  5    God:    Gozag
Gold:   4159       SH:  8    Dex: 13    Spells: 14/14 levels left

rFire   + . .      SeeInvis .   a - +5 flail (protect)
rCold   . . .      Faith    .   c - +0 buckler
rNeg    + . .      Spirit   .   b - +10 chain mail of Lympaig {rCorr Str+3 Int-3 Stlth+}
rPois   ∞          Reflect  .   F - +0 hat {Stlth+}
rElec   +          Harm     .   n - +0 cloak
rCorr   +          Rampage  .   (no gloves)
Will    +....      NoTele   +   s - +0 pair of boots
Stlth   ++++......              I - amulet of Pauzena {RegenMP rPois Regen+ rCorr Dex+4}
HPRegen 1.09/turn               o - +3 ring of strength
MPRegen 0.54/turn               G - ring of protection from fire

@: mighty, gold aura, under a protective aura, flying, invisible
A: sickness immunity, AC +11, big wings, negative energy resistance 1,
electricity resistance, torment resistance 1, petrification resistance
a: Renounce Religion, Potion Petition, Call Merchant, Bribe Branch


You were in the Dungeon.
You worshipped Gozag.
Gozag was most pleased with you.
You visited 1 branch You collected 18391 gold pieces.
You spent 4907 gold pieces at shops.
You paid 9325 gold pieces to Gozag.

Inventory:

Hand Weapons
 a - a +5 flail of protection (weapon)
Missiles
 f - 4 poisoned darts (quivered)
 E - 2 throwing nets
Armour
 b - the +10 chain mail of Lympaig (worn) {rCorr Str+3 Int-3 Stlth+}
   (You found it in the Dungeon)

   Str:       It affects your strength (+3).
   Int:       It affects your intelligence (-3).
   rCorr:     It protects you from acid and corrosion.
   Stlth:     It makes you more stealthy.
 c - a +0 buckler (worn)
 n - a +0 cloak (worn)
 s - a +0 pair of boots (worn)
 D - a +4 plate armour of cold resistance
 F - a +0 hat of stealth (worn)
 J - a +2 pair of gloves of hurling
 K - a +2 buckler of reflection
 L - the +8 plate armour of True Grit {Dex+2}
   (You bought it in a shop in the Dungeon)

   Dex:       It affects your dexterity (+2).
Jewellery
 o - a +3 ring of strength (left hand)
 p - a +3 ring of dexterity
 G - a ring of protection from fire (right hand)
 H - a ring of fire
 I - the amulet of Pauzena (around neck) {RegenMP rPois Regen+ rCorr Dex+4}
   (You bought it in a shop in the Dungeon)

   [amulet of magic regeneration]

   It increases your rate of magic regeneration.
   Dex:       It affects your dexterity (+4).
   rPois:     It protects you from poison.
   Regen:     It increases your rate of health regeneration.
   rCorr:     It protects you from acid and corrosion.
Wands
 m - a wand of digging (5)
Scrolls
 g - 2 scrolls of identify
 j - 3 scrolls of blinking
 k - 2 scrolls of amnesia
 l - 2 scrolls of fear
 q - 2 scrolls of enchant weapon
 r - 3 scrolls of fog
 y - a scroll of brand weapon
 z - 3 scrolls of enchant armour
Potions
 d - a potion of heal wounds
 e - 2 potions of might
 h - 4 potions of magic
 i - a potion of curing
 t - a potion of brilliance
 u - a potion of flight
 v - a potion of ambrosia
 A - a potion of berserk rage
 B - a potion of attraction
 C - 2 potions of mutation


   Skills:
 + Level 22.5 Fighting
 + Level 20.3 Maces & Flails
 + Level 12.5 Throwing
 + Level 20.7 Armour
 + Level 7.8 Dodging
 + Level 13.2 Stealth
 + Level 18.2 Shields
 + Level 3.9 Evocations


You had 14 spell levels left.
You didn't know any spells.
Your spell library was empty.

Dungeon Overview and Level Annotations

Branches:
Dungeon (1/1)

Altars:
Cheibriados
Dithmenos
Elyvilon
Fedhas
Gozag
Hepliaklqana
Kikubaaqudgha
Makhleb
Nemelex Xobeh
Okawaru
Qazlal
Ru
Sif Muna
Trog
Uskayaw
Vehumet
Wu Jian
Xom
Yredelemnul
Zin
The Shining One
Beogh
Jiyva
Lugonu

Shops:
D ([=((?[*(


Innate Abilities, Weirdness & Mutations

You are immune to sickness and miasma.
Your stone body is resilient. (AC +11)
You are immune to poison.
Your large and strong wings let you fly.
You resist negative energy. (rN+)
You are resistant to electric shocks. (rElec)
You are resistant to unholy torment.
You are immune to petrification.


Message History

You hear a roar!
You sock the vault warden!
The vault warden is almost dead.
Unknown command.
You hit the vault warden but do no damage.
The vault warden is almost dead.
The vault warden hits you but does no damage. x2
You bludgeon the vault warden!!
You kill the vault warden!
The ynoxinul gestures.
The vault warden hits you with a +0 battleaxe!!
* * * LOW HITPOINT WARNING * * *
Unknown command.
You feel much better.
The vault warden hits you but does no damage.
The ynoxinul gestures.
Unknown command.
Okay, then.
Okay, then. [a] - 506 gold - curing, magic, invisibility and might [b] - 609 gold - heal wounds, curing, berserk rage and magic [c] - 290 gold - resistance Purchase which effect?
You feel better. Magic courses through your body.
You fade into invisibility!
You feel very mighty all of a sudden.
The vault sentinel blows a loud note on a signal horn!
The ynoxinul gestures.
The ironbound convoker is distracted by your dazzling golden aura.
The vault warden hits you with a +0 battleaxe!!
* * * LOW HITPOINT WARNING * * *
You hear a roar!
A yaktaur captain comes into view.
Unknown command.
The yaktaur captain moves out of view.
Items here: $ )) [[[.
You feel much better.
The ironbound convoker is no longer distracted by gold.
The vault warden hits you with a +0 battleaxe!!!
You die...
Your body crumbles into a pile of gold.

$
▓c▓)▓.▓.▓.▓.▓)▓.▓.
▓p▓.▓.▓.▓'▓.▓.▓)▓.
▓5▓.▓.▓.▓∩▓.▓)▓.▓'
▓3▓.▓.▓.▓.▓.▓)▓.▓.
$
▓p▓.▓∩▓.▓.▓.▓.▓.▓.
▓p▓.▓)▓.▓.▓.▓.▓.▓.
$
▓$▓.▓.▓.▓.▓.▓.▓.▓.
▓p▓.▓.▓.▓.▓.▓.▓.▓.
▓@▓.▓[▓.▓.▓.▓.▓.▓.
▓.▓.♣.♣.▓.▓.▓)▓.▓.
▓)▓∩♣[♣.▓.▓.▓.▓.▓.
▓.▓.♣∩♣)▓.▓.▓.▓.▓.
▓.▓.♣.♣.▓[▓.▓.▓.▓'
▓.▓.♣.♣.▓[▓.▓.▓.▓.
▓.▓.♣.♣.▓[▓.▓)▓.▓.
▓.▓.♣.♣.▓[▓.▓)▓[▓.
▓.▓.♣.♣.▓[▓.▓)▓.▓.


You could see a vault warden (strong), a vault sentinel (strong), 2 ironbound
convokers, a ynoxinul (strong, can't see you) and an ufetubus (summoned, strong,
can't see you).

Vanquished Creatures
  Rupert (D)
  2 tentacled monstrosities (D)
  Gastronok (D)
  Kirke (D)
  Agnes (D)
  A vault warden (D)
  A ghost moth (D)
  A spriggan defender (D)
  An ironbound preserver (D)
  2 stone giants (D)
  3 very ugly things (D)
  A vampire knight (D)
  An entropy weaver (D)
  A purple draconian (D)
  Nessos (D)
  3 dire elephants (D)
  A spark wasp (D)
  3 fire dragons (D)
  Snorg (D)
  2 ettins (D)
  A merfolk impaler (D)
  Harold (D)
  2 ice dragons (D)
  A naga warrior (D)
  2 hydras (D)
  A centaur warrior (D)
  Erolcha (D)
  2 spriggan air magi (D)
  A rakshasa (D)
  4 ogre magi (D)
  A merfolk avatar (D)
  5 two-headed ogres (D)
  A death knight (D)
  An alligator (D)
  A shock serpent (D)
  A tengu warrior (D)
  A sun moth (D)
  2 spriggan druids (D)
  2 wizards (D)
  A lindwurm (D)
  An ironbound convoker (D)
  A glowing orange brain (D)
  3 orc knights (D)
  2 swamp dragons (D)
  A necromancer (D)
  2 will-o-the-wisps (D)
  2 cyclopes (D)
  4 manticores (D)
  An ugly thing (D)
  7 elephants (D)
  2 guardian serpents (D)
  2 naga magi (D)
  A vault sentinel (D)
  4 black mambas (D)
  3 moths of wrath (D)
  3 cane toads (D)
  A rime drake (D)
  A tengu conjurer (D)
  2 komodo dragons (D)
  A demonic crawler (D)
  Psyche (D)
  2 merfolk (D)
  A tyrant leech (D)
  3 trolls (D)
  A tarantella (D)
  2 slime creatures (D)
  2 blink frogs (D)
  2 snapping turtles (D)
  A wraith (D)
  A yak (D)
  A hog (D)
  Grum (D)
  A redback (D)
  A steam dragon (D)
  A naga (D)
  4 water moccasins (D)
  A floating eye (shapeshifter) (D)
  11 orc warriors (D)
  A boggart (D)
  5 ogres (D)
  4 wolves (D)
  A centaur (D)
  A gnoll sergeant (D)
  A bullfrog (D)
  A killer bee (D)
  A howler monkey (D)
  2 orc priests (D)
  A hound (D)
  A jelly (D)
  4 orc wizards (D)
  8 orcs (D)
  3 bats (D)
  2 frilled lizards (D)
  A quokka simulacrum (D)
179 creatures vanquished.

Vanquished Creatures (others)
  3 humans (D)
  A hog (D)
4 creatures vanquished.

Grand Total: 183 creatures vanquished

Notes
Turn   | Place    | Note
-------+----------+-------------------------------------------
     0 | D        | mhtbhm the Gargoyle Fighter began the quest for the Orb.
     0 | D        | Reached XP level 1. HP: 14/14 MP: 1/1
    75 | D        | Noticed an orc wizard
    75 | D        | Noticed a jelly
    75 | D        | Noticed a centaur
    75 | D        | Noticed a hound
    79 | D        | Killed a hound
    80 | D        | Reached skill level 4 in Fighting
    80 | D        | Reached skill level 5 in Armour
    80 | D        | Reached XP level 2. HP: 20/20 MP: 2/2
    80 | D        | Reached XP level 3. HP: 24/24 MP: 3/3
    82 | D        | Killed a centaur
    83 | D        | Reached skill level 6 in Fighting
    83 | D        | Reached skill level 1 in Dodging
    83 | D        | Reached skill level 5 in Shields
    83 | D        | Reached XP level 4. HP: 32/32 MP: 4/4
    87 | D        | Reached XP level 5. HP: 37/37 MP: 5/5
    94 | D        | Reached skill level 5 in Maces & Flails
   101 | D        | Found a snail-covered altar of Cheibriados.
   101 | D        | Found a shadowy altar of Dithmenos.
   101 | D        | Found a white marble altar of Elyvilon.
   101 | D        | Found a blossoming altar of Fedhas.
   101 | D        | Found an opulent altar of Gozag.
   102 | D        | Found a hazy altar of Hepliaklqana.
   103 | D        | Found a viscous altar of Jiyva.
   104 | D        | Found an ancient bone altar of Kikubaaqudgha.
   121 | D        | Found a corrupted altar of Lugonu.
   122 | D        | Found a burning altar of Makhleb.
   123 | D        | Found a sparkling altar of Nemelex Xobeh.
   124 | D        | Found an iron altar of Okawaru.
   125 | D        | Found a stormy altar of Qazlal.
   126 | D        | Found a sacrificial altar of Ru.
   127 | D        | Found a shimmering blue altar of Sif Muna.
   128 | D        | Found a bloodstained altar of Trog.
   129 | D        | Found a hide-covered altar of Uskayaw.
   130 | D        | Found a radiant altar of Vehumet.
   131 | D        | Found an ornate altar of the Wu Jian Council.
   157 | D        | Became a worshipper of Gozag Ym Sagoz the Greedy
   165 | D        | Found a shimmering altar of Xom.
   166 | D        | Found a basalt altar of Yredelemnul.
   167 | D        | Found a glowing silver altar of Zin.
   168 | D        | Found a glowing golden altar of the Shining One.
   316 | D        | Noticed an orc warrior
   316 | D        | Noticed a troll
   316 | D        | Noticed a steam dragon
   319 | D        | Reached skill level 7 in Fighting
   322 | D        | Killed a troll
   323 | D        | Reached skill level 8 in Fighting
   323 | D        | Reached XP level 6. HP: 6/45 MP: 6/6
   323 | D        | Reached XP level 7. HP: 7/50 MP: 7/7
   325 | D        | Killed a steam dragon
   326 | D        | Reached skill level 9 in Fighting
   326 | D        | Reached skill level 1 in Evocations
   501 | D        | Noticed a troll
   501 | D        | Noticed a komodo dragon
   501 | D        | Noticed a troll
   501 | D        | Noticed a manticore
   501 | D        | Noticed a wraith
   501 | D        | Noticed a death knight
   521 | D        | Killed a wraith
   522 | D        | Reached skill level 10 in Armour
   522 | D        | Reached XP level 8. HP: 39/57 MP: 8/8
   528 | D        | Killed a death knight
   529 | D        | Reached skill level 10 in Fighting
   529 | D        | Reached skill level 10 in Maces & Flails
   766 | D        | Killed a manticore
   767 | D        | Reached skill level 1 in Stealth
   767 | D        | Reached XP level 9. HP: 19/63 MP: 9/9
   777 | D        | Killed a troll
   778 | D        | Reached skill level 11 in Fighting
  1032 | D        | Killed a komodo dragon
  1174 | D        | Killed a troll
  1175 | D        | Reached skill level 10 in Shields
  1578 | D        | Got the +10 chain mail of Lympaig {rCorr Str+3 Int-3
                  | Stlth+}
  1595 | D        | Noticed a six-headed hydra
  1595 | D        | Noticed a cane toad
  1598 | D        | Noticed a rime drake
  1610 | D        | Killed a six-headed hydra
  1625 | D        | Killed a cane toad
  1626 | D        | Reached XP level 10. HP: 45/71 MP: 10/10
  1765 | D        | Reached skill level 5 in Stealth
  1772 | D        | Reached skill level 12 in Fighting
  1894 | D        | Noticed a cane toad
  1894 | D        | Noticed an elephant
  1894 | D        | Noticed a cane toad
  1894 | D        | Noticed a black mamba
  1894 | D        | Noticed a black mamba
  1917 | D        | Killed a black mamba
  1923 | D        | Killed a black mamba
  1931 | D        | Killed a cane toad
  1941 | D        | Killed an elephant
  1954 | D        | Killed a cane toad
  1972 | D        | Reached XP level 11. HP: 50/77 MP: 11/11
  2105 | D        | Noticed a dire elephant
  2107 | D        | Noticed a dire elephant
  2113 | D        | Reached skill level 13 in Fighting
  2113 | D        | Reached skill level 15 in Armour
  2132 | D        | Killed a dire elephant
  2722 | D        | Reached skill level 15 in Maces & Flails
  2735 | D        | Reached skill level 1 in Throwing
  2742 | D        | Reached skill level 14 in Fighting
  2827 | D        | Killed a dire elephant
  2986 | D        | Noticed Psyche
  2994 | D        | Killed Psyche
  3009 | D        | Noticed Grum
  3028 | D        | Killed Grum
  3080 | D        | Noticed an orc knight
  3110 | D        | Killed an orc knight
  3113 | D        | Reached skill level 5 in Dodging
  3308 | D        | Bought 6 silver javelins for 172 gold pieces
  3311 | D        | Noticed an orc knight
  3332 | D        | Killed an orc knight
  3346 | D        | Noticed an orc knight
  3775 | D        | Killed an orc knight
  3776 | D        | Reached skill level 15 in Fighting
  3926 | D        | Reached XP level 12. HP: 77/87 MP: 12/12
  3994 | D        | Found Rackemoj's General Store.
  3994 | D        | Noticed a two-headed ogre
  3994 | D        | Noticed an ogre mage
  3994 | D        | Noticed an ogre mage
  3994 | D        | Noticed a two-headed ogre
  4001 | D        | Killed an ogre mage
  4006 | D        | Noticed a two-headed ogre
  4012 | D        | Killed an ogre mage
  4013 | D        | Killed a two-headed ogre
  4015 | D        | Found Biutzoy's Antique Armour Shop.
  4019 | D        | Killed a two-headed ogre
  4024 | D        | Killed a two-headed ogre
  4025 | D        | Found Cuus's Magic Scroll Boutique.
  4044 | D        | Found Tinutul's Antique Weapon Shop.
  4046 | D        | Noticed an ogre mage
  4046 | D        | Noticed a two-headed ogre
  4052 | D        | Noticed a two-headed ogre
  4053 | D        | Killed a two-headed ogre
  4061 | D        | Killed an ogre mage
  4063 | D        | Killed a two-headed ogre
  4064 | D        | Reached skill level 16 in Fighting
  4064 | D        | Reached skill level 5 in Throwing
  4244 | D        | Bought an encrusted plate armour for 644 gold pieces
  4244 | D        | Identified the +5 plate armour "Pashiet" {Harm rElec
                  | Stlth+} (You bought it in a shop in the Dungeon)
  4264 | D        | Bought a scroll of brand weapon for 200 gold pieces
  4264 | D        | Bought a scroll of enchant armour for 75 gold pieces
  4264 | D        | Bought a scroll of fear for 35 gold pieces
  4272 | D        | Bought a potion of berserk rage for 50 gold pieces
  4272 | D        | Bought a potion of attraction for 30 gold pieces
  4272 | D        | Bought a potion of mutation for 80 gold pieces
  4274 | D        | Bought a shiny plate armour for 598 gold pieces
  4277 | D        | Bought a scroll of identify for 20 gold pieces
  4307 | D        | Noticed Erolcha
  4317 | D        | Killed Erolcha
  4435 | D        | Noticed Gastronok
  4436 | D        | Noticed Harold
  4450 | D        | Killed Gastronok
  4458 | D        | Killed Harold
  4622 | D        | Bought a fine whip for 187 gold pieces
  4622 | D        | Identified the +10 whip of the Firefly {freeze, rF+} (You
                  | bought it in a shop in the Dungeon)
  4627 | D        | Noticed an ogre mage
  4632 | D        | Killed an ogre mage
  4632 | D        | Noticed a centaur warrior
  4632 | D        | Noticed a spriggan air mage
  4633 | D        | Reached skill level 15 in Shields
  4635 | D        | Noticed a purple very ugly thing
  4641 | D        | Reached XP level 13. HP: 91/95 MP: 13/13
  4641 | D        | Noticed a vampire knight
  4642 | D        | Noticed a rakshasa
  4659 | D        | Noticed an ice dragon
  4664 | D        | Reached skill level 17 in Fighting
  4678 | D        | Killed a vampire knight
  4683 | D        | HP: 1/96 [spriggan air mage/the air (21)]
  5067 | D        | Killed a rakshasa
  5185 | D        | Killed a purple very ugly thing
  5388 | D        | Killed an ice dragon
  5860 | D        | Noticed Nessos
  5885 | D        | Killed Nessos
  6162 | D        | Noticed Kirke
  6178 | D        | Killed Kirke
  6179 | D        | Reached skill level 18 in Fighting
  6205 | D        | Noticed Agnes
  6226 | D        | Killed Agnes
  6316 | D        | Noticed a ghost moth
  6316 | D        | Noticed an entropy weaver
  6317 | D        | Killed a ghost moth
  6318 | D        | Noticed a spark wasp
  6329 | D        | Killed an entropy weaver
  6345 | D        | Killed a spark wasp
  6551 | D        | Reached skill level 19 in Fighting
  6596 | D        | Reached skill level 10 in Throwing
  6600 | D        | Gained mutation: Your large and strong wings let you fly.
                  | [Gargoyle growth]
  6600 | D        | Reached XP level 14. HP: 73/106 MP: 14/14
  6760 | D        | Reached skill level 10 in Stealth
  7129 | D        | Bought the amulet of Pauzena {RegenMP rPois Regen+ rCorr
                  | Dex+4} for 1048 gold pieces
  7142 | D        | Bought a pair of glowing gloves for 232 gold pieces
  7142 | D        | Bought a glowing buckler for 232 gold pieces
  7148 | D        | Bought a translucent plate armour for 868 gold pieces
  7148 | D        | Identified the +8 plate armour of True Grit {Dex+2} (You
                  | bought it in a shop in the Dungeon)
  7190 | D        | Reached skill level 20 in Fighting
  7363 | D        | Noticed Rupert
  7375 | D        | Killed Rupert
  7560 | D        | Noticed Snorg
  7570 | D        | Killed Snorg
  7635 | D        | Noticed a stone giant
  7636 | D        | Noticed a tentacled monstrosity
  7644 | D        | Noticed a tentacled monstrosity
  7658 | D        | Killed a tentacled monstrosity
  7663 | D        | Killed a tentacled monstrosity
  7664 | D        | Reached skill level 21 in Fighting
  7668 | D        | Killed a stone giant
  7670 | D        | Noticed a purple very ugly thing
  7836 | D        | Bought a +5 flail of protection for 436 gold pieces
  7966 | D        | Noticed a stone giant
  7967 | D        | Noticed a red very ugly thing
  7968 | D        | Noticed a spriggan defender
  7978 | D        | Killed a purple very ugly thing
  7986 | D        | Killed a stone giant
  8003 | D        | Killed a red very ugly thing
  8023 | D        | Killed a spriggan defender
  8122 | D        | Noticed a dire elephant
  8122 | D        | Noticed an ironbound preserver
  8126 | D        | Killed a dire elephant
  8127 | D        | Reached skill level 22 in Fighting
  8130 | D        | Reached XP level 15. HP: 116/116 MP: 15/15
  8137 | D        | Noticed a vault warden
  8138 | D        | Noticed a vault warden
  8167 | D        | Killed a vault warden
  8167 | D        | HP: 4/117 [vault warden/+0 battleaxe (25)]
  8171 | D        | Annihilated by a vault warden

Illustrated notes

Levels and vault maps discovered:
D:        linesprint [early_d, line_temple, items_1, d_10, items_2, lair_1,
          lair_end, items_3, orc_1, orc_end, items_4, d_15, swamp_1, shoals_1,
          snake_1, spider_1, d_20, vaults_1, items_5, swamp_end, shoals_end,
          snake_end, spider_end, vaults_end, d_27, items_6, zot_1, zot_end,
          crypt_end, forest_end, elf_end, slime_end, tomb_end, abyss_end,
          pan_hell_end]

Skill      XL: |  1  2  3  4  5  6  7  8  9 10 11 12 13 14 15 |
---------------+----------------------------------------------+-----
Armour         | 5 6 8 10 11 13 14 16 17 19 20 | 20.7
Fighting       | 4 6 8 9 10 11 12 15 16 19 22 | 22.5
Maces & Flails | 3 4 7 8 10 12 14 16 17 18 20 | 20.3
Shields        | 4 5 6 8 9 10 11 13 15 16 18 | 18.2
Dodging        | 1 2 3 4 5 6 7 |  7.8
Evocations     | 1 3 |  3.9
Stealth        | 1 4 5 6 8 9 12 13 | 13.2
Throwing       | 2 7 10 12 | 12.5

Action                   |  1- 3 |  4- 6 |  7- 9 | 10-12 | 13-15 || total
-------------------------+-------+-------+-------+-------+-------++-------
Melee: Flail             |    23 |    12 |    87 |   325 |   114 ||   561
       Morningstar       |       |       |       |    82 |   300 ||   382
Throw: Dart              |       |       |       |    21 |    15 ||    36
       Javelin           |       |       |       |    18 |    30 ||    48
       Throwing net      |       |       |       |       |     4 ||     4
Invok: Potion Petition   |       |       |     1 |     1 |     7 ||     9
       Call Merchant     |       |       |       |     2 |     3 ||     5
Evoke: Wand              |       |     3 |     7 |       |       ||    10
  Use: Potion            |     1 |     1 |    10 |     1 |     6 ||    19
       Scroll            |       |       |       |     2 |     1 ||     3
 Stab: Invisible         |       |       |     4 |     1 |     2 ||     7
       Distracted        |       |       |       |     5 |     3 ||     8
       Sleeping          |       |       |       |     1 |     1 ||     2
       Held in net/web   |       |       |       |       |     2 ||     2
Armor: Scale mail        |    23 |     6 |       |       |       ||    29
       Plate armour      |       |     7 |    45 |       |       ||    52
       Chain mail        |       |       |    28 |   163 |   224 ||   415
       Skin              |       |       |       |       |     6 ||     6
Dodge: Dodged            |    15 |     4 |    45 |    93 |   112 ||   269
Block: Buckler           |     5 |       |    33 |   101 |   103 ||   242

Table legend: (Time is in decaauts)
 A = Elapsed time spent in this place.
 B = Non-inter-level travel time spent in this place.
 C = Inter-level travel time spent in this place.
 D = Time resting spent in this place.
 E = Time spent auto-exploring this place.
 F = Levels seen in this place.
 G = Mean time per level.
                   A        B        C        D        E       F      G
               +--------+--------+--------+--------+--------+-----+--------+
         Total |   7936 |   7936 |      0 |   3817 |   1796 |   1 | 7936.0 |
       Dungeon |   7936 |   7936 |      0 |   3817 |   1796 |   1 | 7936.0 |
               +--------+--------+--------+--------+--------+-----+--------+

Top non-repeatable levels by time:
       D: 7936 daAuts
